 Dungeon Crawl Stone Soup version 0.22-a0-406-g9ff8d77 (webtiles) character file.

232 KristoblXynda the Ruffian (level 5, 0/45 HPs)
             Began as a Troll Wizard on May 8, 2018.
             Slain by an orc wizard
             ... wielding a +0 dagger
              (2 damage)
             ... on level 4 of the Dungeon.
             The game lasted 00:05:23 (2206 turns).

KristoblXynda the Ruffian (Troll Wizard)            Turns: 2206, Time: 00:05:24

Health: 0/45       AC:  5    Str: 15    XL:     5   Next: 73%
Magic:  16/16      EV:  9    Int: 15    God:
Gold:   145        SH:  0    Dex:  8    Spells: 7/8 levels left

rFire    + . .     SeeInvis .     - Unarmed
rCold    . . .     Gourm    +   (no shield)
rNeg     . . .     Faith    .   a - +0 robe
rPois    .         Spirit   .   b - +0 hat
rElec    .         Reflect  .   h - -1 cloak (curse)
rCorr    .         Harm     .   (gloves unavailable)
MR       .....                  (boots unavailable)
Stlth    +.........             (no amulet)
HPRegen  0.55/turn              m - ring of protection from fire
MPRegen  0.15/turn              o - ring of magical power

@: confused, drained
A: large, unfitting armour, claws 3, fast metabolism 3, gourmand, regeneration
1, shaggy fur 1, tough skin 2
a: no special abilities


You were on level 4 of the Dungeon.
You were very full.

You visited 1 branch of the dungeon, and saw 4 of its levels.

You collected 145 gold pieces.

Inventory:

Hand Weapons
 j - a +2 flail of draining
Armour
 a - a +0 robe (worn)
 b - a +0 hat (worn)
 h - a cursed -1 cloak (worn)
Jewellery
 m - a ring of protection from fire (left claw)
 o - a ring of magical power (right claw)
Potions
 c - 2 potions of brilliance {unknown}
 f - a potion of agility {unknown}
 g - a potion of flight {unknown}
 n - 2 potions of mutation
Comestibles
 d - 12 rations
 k - a chunk of flesh


   Skills:
 - Level 1.5(1.1) Dodging
 - Level 1.0(0.6) Stealth
 * Level 3.9(3.4) Unarmed Combat
 - Level 2.0(1.5) Spellcasting
 * Level 3.0(2.6) Conjurations
   Level 0.6(0.2) Summonings
   Level 0.6(0.2) Translocations


You had 7 spell levels left.
You knew the following spells:

 Your Spells              Type           Power        Failure   Level  Hunger
a - Magic Dart            Conj           #...         8%          1    ##.....


Dungeon Overview and Level Annotations

Branches:
Dungeon (4/15)
 Temple: D:4-7

Altars:
Sif Muna
Trog
Vehumet
Yredelemnul


Innate Abilities, Weirdness & Mutations

You are too large for most types of armour.
You have claws for hands.
Your metabolism is lightning-fast.
You like to eat raw meat.
Your natural rate of healing is unusually fast.
You are covered in fur. (AC +1)
You have very tough skin. (AC +2)


Message History

Found 28 bolts.
You hear some strange, mumbled words.
You are more confused.
Found a potion of curing.
You hear the slow rusting of a very distant drain.
You bump into the rock wall.
Something hits you.
* * * LOW HITPOINT WARNING * * *
The orc barely misses you.
You hear some strange, mumbled words.
You are more confused.
The orc completely misses you. Something hits you but does no damage.
The orc barely misses you. Something hits you but does no damage.
The orc hits you with a club.
* * * LOW HITPOINT WARNING * * *
Something hits you but does no damage.
You completely miss the orc. The orc hits you with a club.
* * * LOW HITPOINT WARNING * * *
Something hits you.
You die...

.......##......§§§#
........>#######§#
#...............§#
#(.# #.#######§#
#..# #.# #.#
#..#####.### #.#
#.....(....# #.#
...###..o..#†.#[###
#.#
.......@..........#
#.#
.....#.....######.#
...........#....#.#
.....#.....#..###.#
...#.###...#......#
.! # #...#..###.# #
###.#....#.#
#..######.#
.........#


You could see an orc.

Vanquished Creatures
  Terence (D:2)
  Natasha (D:2)
  3 gnolls (D:3)
  4 adders
  6 worms
  2 dart slugs (D:2)
  3 leopard geckos
  13 orcs
  A giant cockroach (D:4)
  5 goblins
  12 hobgoblins
  5 jackals
  A quokka (D:2)
  3 ball pythons
  6 bats
  A frilled lizard (D:3)
  A goblin zombie (D:4)
  9 kobolds
  6 rats
  A rat zombie (D:4)
84 creatures vanquished.

Notes
Turn   | Place    | Note
-------+----------+-------------------------------------------
     0 | D:1      | KristoblXynda the Troll Wizard began the quest for the Orb.
     0 | D:1      | Reached XP level 1. HP: 16/16 MP: 2/2
    80 | D:1      | Reached skill level 1 in Conjurations
   114 | D:1      | Reached skill level 1 in Unarmed Combat
   122 | D:1      | Reached XP level 2. HP: 24/24 MP: 4/4
   449 | D:2      | Found a basalt altar of Yredelemnul.
   621 | D:2      | Reached XP level 3. HP: 26/31 MP: 5/5
   640 | D:2      | Found a deep blue altar of Sif Muna.
   641 | D:2      | Noticed Terence
   655 | D:2      | Killed Terence
   723 | D:2      | Reached XP level 4. HP: 39/39 MP: 6/6
  1087 | D:2      | Noticed a moth of wrath
  1087 | D:2      | Noticed Natasha
  1098 | D:2      | Killed Natasha
  1114 | D:2      | Found a bloodstained altar of Trog.
  1355 | D:3      | Reached XP level 5. HP: 42/45 MP: 7/7
  2116 | D:4      | Found a radiant altar of Vehumet.
  2135 | D:4      | Found a sand-covered staircase.
  2206 | D:4      | HP: 2/45 [orc/club (1)]
  2206 | D:4      | Slain by an orc wizard

Vault maps used:
D:1:      moated_graveyard_arrival
D:2:      kennysheep_six_static_rooms, tgw_trog, lemuel_crystal_altar,
          nicolae_overflow_crystal_walls, first_ration, uniq_terence,
          uniq_natasha
D:4:      nicolae_gozag_seed_capital, kennysheep_mini, kennysheep_mini_moat,
          lemuel_temple_firewalk_a, gup_sewer_entry_pipe, enter_ossuary_4,
          st_stairs_3, sigmund_army

Skill      XL: |  1  2  3  4  5 |
---------------+----------------+-----
Conjurations   | 1 2 3 |  3.0
Unarmed Combat | 1 2 3 |  3.9
Dodging        | |  1.5
Stealth        | |  1.0
Spellcasting   | |  2.0
Summonings     | |  0.6
Translocations | |  0.6

Action                   |  1- 3 |  4- 6 || total
-------------------------+-------+-------++-------
Melee: Unarmed           |    94 |   202 ||   296
Throw: Throwing net      |       |     1 ||     1
  Use: Scroll            |       |     7 ||     7
       Potion            |       |     2 ||     2
 Stab: Sleeping          |     1 |     1 ||     2
  Eat: Chunk             |    12 |    13 ||    25
Armor: Robe              |    28 |    80 ||   108
Dodge: Dodged            |    36 |    90 ||   126

Table legend:
 A = Spawn XP
 B = Non-spawn XP
 C = Spawn XP percentage of total XP
 D = Spawn monster count
 E = Non-spawn monster count
 F = Spawn count percentage of total count
 G = Total turns spent on level
                    A         B        C        D         E        F      G
               +---------+---------+-------+---------+---------+-------+---------
         Total |       0 |     332 |   0.0 |       0 |      84 |   0.0 |  2206
               +---------+---------+-------+---------+---------+-------+---------
           D:1 |       0 |      34 |   0.0 |       0 |      18 |   0.0 |   426
           D:2 |       0 |     157 |   0.0 |       0 |      32 |   0.0 |   892
           D:3 |       0 |     128 |   0.0 |       0 |      28 |   0.0 |   779
           D:4 |       0 |      13 |   0.0 |       0 |       6 |   0.0 |   109
               +---------+---------+-------+---------+---------+-------+---------
